 Dungeon Crawl Stone Soup version 0.28-a0-957-g42eb19b844 (webtiles) character file.

Game seed: 17251039272562150966

39 timneilson the Insei (level 3, 0/27 HPs)
             Began as a Djinni Transmuter on Nov 30, 2021.
             Slain by a worm (9 damage)
             ... on level 2 of the Dungeon.
             The game lasted 00:03:31 (1631 turns).

timneilson the Insei (Djinni Transmuter)            Turns: 1631, Time: 00:03:31

Health: 0/27       AC:  7    Str: 11    XL:     3   Next: 67%
Gold:   70         EV: 12    Int: 14    God:
                   SH:  0    Dex: 13

rFire   + + .      SeeInvis .     - Unarmed
rCold   x . .      Faith    .   (no shield)
rNeg    . . .      Spirit   .   a - +1 robe
rPois   ∞          Reflect  .   (no helmet)
rElec   .          Harm     .   (no cloak)
rCorr   .          Rampage  .   (no gloves)
Will    .....                   (boots unavailable)
Stlth   +.........              (no amulet)
HPRegen 0.09/turn               g - +4 ring of protection
MPRegen 0.00/turn               (no ring)

@: wereblooded (expiring), flying
A: sickness immunity, fire resistance 2, cold vulnerability 1, float, innate
caster, hp casting, extra vitality 1
a: no special abilities


You were on level 2 of the Dungeon.
You visited 1 branch of the dungeon, and saw 2 of its levels.

You collected 70 gold pieces.

Inventory:

Armour
 a - a +1 robe (worn)
Jewellery
 g - a +4 ring of protection (left hand)
Scrolls
 d - 2 scrolls of identify
 f - 2 scrolls of enchant armour
Potions
 b - a potion of might


   Skills:
 + Level 1.4 Fighting
 * Level 2.8 Dodging
 * Level 3.4 Unarmed Combat
 * Level 2.0 Spellcasting


You couldn't memorise any spells.
You knew the following spells:

 Your Spells              Type           Power      Damage    Failure   Level
a - Beastly Appendage     Tmut           14%        N/A       10%         1
b - Wereblood             Tmut           7%         N/A       16%         2
c - Spider Form           Tmut/Pois      7%         N/A       30%         3
d - Ice Form              Ice/Tmut       7%         N/A       69%         4
e - Magic Dart            Conj           28%        1d4       10%         1
Your spell library was empty.

Dungeon Overview and Level Annotations

Branches:
Dungeon (2/15)

Altars:


Innate Abilities, Weirdness & Mutations

You are immune to sickness and miasma.
You are immune to poison.
Your flesh is very heat resistant. (rF++)
You are vulnerable to cold. (rC-)
You float through the air rather than walking.
You learn spells naturally, not from books.
Your magical power is your life essence.
You have superior vitality. (+4 HP)


Message History

The worm is moderately wounded.
The worm bites you but does no damage.
You hit the worm but do no damage.
The worm is moderately wounded.
The worm closely misses you.
You hit the worm.
The worm is moderately wounded.
You hit the worm.
The worm is heavily wounded.
The worm bites you.
You barely miss the worm.
The worm is moderately wounded.
You barely miss the worm.
The worm is moderately wounded.
The worm bites you!
You hit the worm.
The worm is severely wounded.
You hit the worm but do no damage.
The worm is severely wounded.
The worm closely misses you.
You barely miss the worm.
The worm is severely wounded.
You barely miss the worm.
The worm is severely wounded.
The worm bites you but does no damage.
You barely miss the worm.
The worm is heavily wounded.
The worm barely misses you.
You hit the worm.
The worm is almost dead.
You barely miss the worm.
The worm is almost dead.
Your primal bloodlust is almost over.
The worm bites you but does no damage.
You hit the worm but do no damage.
The worm is severely wounded.
You hit the worm.
The worm is almost dead.
The worm bites you!
You die...

..... #....# .# #..
..## .# #.# .....#.#
## #.# ......#... #.#
##..#....#
#w####[.#.....#
#.####@......<...#.##
#.......##..#†.......
..####...#.....##.....
###......#.### >.#.
.(......:...# .#
..#.......#### ..
.....###.. . .###..
#.## #.. ..#


You could see a worm.

Vanquished Creatures
  2 dart slugs (D:1)
  5 ball pythons
  2 endoplasms (D:1)
  3 giant cockroaches (D:1)
  3 goblins (D:1)
  2 hobgoblins (D:1)
  3 kobolds (D:1)
  A quokka (D:1)
  4 bats (D:1)
  A frilled lizard (D:1)
  5 rats (D:1)
31 creatures vanquished.

Notes
Turn   | Place    | Note
-------+----------+-------------------------------------------
     0 | D:1      | timneilson the Djinni Transmuter began the quest for the
                  | Orb.
     0 | D:1      | Reached XP level 1. HP: 17/17 MP: 0/0
   148 | D:1      | Reached XP level 2. HP: 18/22 MP: 0/0
   158 | D:1      | Found a faded altar of an unknown god.
   679 | D:1      | Reached XP level 3. HP: 26/27 MP: 0/0
   679 | D:1      | Learned a level 1 spell: Magic Dart
  1631 | D:2      | Slain by a worm

Illustrated notes

Levels and vault maps discovered:
D:1:      dpeg_arrival_rooms_a, layout_basic,
          dreamdust_ecumenical_altar_angels_and_demons, minmay_vboxes
D:2:      layout_rooms, minmay_box_of_dots, uniq_crazy_yiuf_cottage

Skill      XL: |  1  2  3 |
---------------+----------+-----
Spellcasting   | 2 |  2.0
Fighting       | |  1.4
Dodging        | |  2.8
Unarmed Combat | |  3.4

Action                   || total
-------------------------++-------
Melee: Unarmed           ||   119
       Headbutt          ||    11
       Punch             ||     2
 Cast: Beastly Appendage ||    14
       Wereblood         ||     1
  Use: Scroll            ||     4
 Stab: Sleeping          ||     1
Armor: Robe              ||    26
Dodge: Dodged            ||    75

Table legend: (Time is in decaauts)
 A = Elapsed time spent in this place.
 B = Non-inter-level travel time spent in this place.
 C = Inter-level travel time spent in this place.
 D = Time resting spent in this place.
 E = Time spent auto-exploring this place.
 F = Levels seen in this place.
 G = Mean time per level.
                   A        B        C        D        E       F      G
               +--------+--------+--------+--------+--------+-----+--------+
         Total |   1623 |   1608 |     15 |      0 |   1318 |   2 |  811.5 |
       Dungeon |   1623 |   1608 |     15 |      0 |   1318 |   2 |  811.5 |
               +--------+--------+--------+--------+--------+-----+--------+

Top non-repeatable levels by time:
     D:1: 1594 daAuts
     D:2: 28 daAuts
